 Dungeon Crawl Stone Soup version 0.31.0-32-g396128a36d (webtiles) character file.

Game seed: 12703792964226042057

2054 MuppetCentipede the Cleaver (level 9, 0/72 HPs)
             Began as a Minotaur Monk on Apr 10, 2024.
             Succumbed to a hornet's poison
             ... while paralysed by a hornet
             ... on level 7 of the Dungeon.
             The game lasted 00:04:04 (4477 turns).

MuppetCentipede the Cleaver (Minotaur Monk)         Turns: 4477, Time: 00:04:05

Health: 0/72       AC:  8    Str: 20    XL:     9   Next: 5%
Magic:  8/8        EV:  2    Int: 11    God:
Gold:   458        SH:  0    Dex: 15    Spells: 8/8 levels left

rFire   . . .        t - +6 spear of Locsabust {drain, *Noise Fly Dex+4}
rCold   + + .        d - orb {light}
rNeg    . . .        b - +0 robe
rPois   .            (helmet restricted)
rElec   .            w - +1 cloak
rCorr   .            (no gloves)
SInv    .            (no boots)
Will    .....        (no amulet)
Stlth   +            n - ring of protection from cold
HPRegen 0.32/turn    r - +4 ring of protection
MPRegen 0.11/turn

%: no passive effects
@: paralysed, lethally poisoned (0 -> -14), flying, slowed, glowing
A: horns 2, retaliatory headbutt, camouflage 1, clever 1, cold resistance 1,
frail 1
a: no special abilities


You were on level 7 of the Dungeon.
You visited 1 branch of the dungeon, and saw 7 of its levels.

You collected 458 gold pieces.

Inventory:

Hand Weapons
 a - a +0 hand axe
 t - the +6 spear of Locsabust (weapon) {drain, *Noise Fly Dex+4}
   (You found it on level 3 of the Dungeon)

   Dex+4:     It affects your dexterity (+4).
   Fly:       It grants you flight.
   *Noise:    It may make a loud noise when swung.
Missiles
 l - 18 poisoned darts (quivered)
 m - 5 boomerangs
Armour
 b - a +0 robe (worn)
 d - an orb of light (worn)
 w - a +1 cloak (worn)
Jewellery
 i - a ring of protection from fire
 n - a ring of protection from cold (left hand)
 r - a +4 ring of protection (right hand)
 s - an amulet of magic regeneration
Wands
 g - a wand of polymorph (13)
Scrolls
 e - a scroll of identify
 j - 4 scrolls of teleportation
 k - a scroll of noise
 p - a scroll of silence
Potions
 c - 3 potions of ambrosia
 f - a potion of magic
 h - 2 potions of cancellation
 o - 2 potions of lignification
 q - a potion of haste
 v - a potion of heal wounds


   Skills:
 + Level 8.0 Fighting
 * Level 10.7 Axes
 + Level 7.2 Dodging


You had 8 spell levels left.
You didn't know any spells.
Your spell library contained the following spells:

 Spells                   Type           Power      Damage    Failure   Level
 Mercury Vapours          Alch/Air       0%         N/A       47%         2
 Fugue of the Fallen      Necr           0%         N/A       71%         3
 Mephitic Cloud           Conj/Alch/Air  0%         N/A       71%         3
 Ozocubu's Armour         Ice            0%         N/A       71%         3
 Brom's Barrelling Bould  Conj/Erth      0%         2d3       98%         4
 Manifold Assault         Tloc           0%         N/A       98%         4
 Fireball                 Conj/Fire      0%         3d3       100%        5
 Freezing Cloud           Conj/Ice/Air   0%         6-21      100%        5
 Iskenderun's Battlesphe  Conj           0%         2d6       100%        5
 Conjure Ball Lightning   Conj/Air       0%         3x3d6     100%        6
 Orb of Destruction       Conj           0%         9d5       100%        7


Dungeon Overview and Level Annotations

Branches:
Dungeon (7/15)             Temple (0/1) D:7

Altars:
Elyvilon
Kikubaaqudgha
Qazlal
Trog

Shops:
D:3 ?   D:4 *


Innate Abilities, Weirdness & Mutations

You have a pair of horns on your head.
You reflexively headbutt those who attack you in melee.
Your skin changes colour to match your surroundings (Stealth+).
Your mind is acute. (Int +4, Str/Dex -1)
Your flesh is cold resistant. (rC+)
You are frail. (-10% HP)


Message History

You start resting.
A hornet comes into view.
You are too injured to fight recklessly!
Throw: 19 darts (poison)
Press: ? - help, Q - select action, (/) - cycle Shift-Dir - straight line, f - hornet
Aim: a hornet (wandering, hasn't noticed you, haloed, 64% to hit)
You throw a poisoned dart. The poisoned dart hits the hornet.
The hornet is poisoned.
The hornet buzzes angrily.
You feel much better. The hornet stings you!
You feel yourself slow down. The hornet barely misses you.
You hit the hornet but do no damage. You drain the hornet.
The hornet is lightly wounded.
You feel yourself speed up. The hornet stings you.
You feel yourself slow down.
You closely miss the hornet.
The hornet is lightly wounded.
The hornet stings you!
* * * LOW HITPOINT WARNING * * *
You are poisoned.
You feel as though you will be slow longer.
The hornet stings you.
* * * LOW HITPOINT WARNING * * *
You feel as though you will be slow longer.
You hit the hornet but do no damage.
You headbutt the hornet, but do no damage.
The hornet is moderately wounded.
You feel very sick. The hornet barely misses you. You furiously retaliate!
You headbutt the hornet! The hornet misses you.
Unknown command.
You closely miss the hornet. Your headbutt misses the hornet.
The hornet is heavily wounded.
You feel sick. The hornet stings you!
* * * LOW HITPOINT WARNING * * *
You suddenly lose the ability to move!
The hornet stings you.
* * * LOW HITPOINT WARNING * * *
You are more poisoned.
You feel as though you will be slow longer.
You die...

### ♣ ..♣ ♣.♣.♣ ♣ ♣
♣.♣.♣.♣ ♣.♣.♣.♣.♣
♣.......♣ ..
#####...#############..
......$..@)............
...###.##.y..#.........
. ... ###(##.........
..### ##.#..........
... #..#.......... ..
#............. .
#.#...........
##....⌠........
#.............#


You could see a hornet (poisoned, drained).

Vanquished Creatures
  Joseph (D:7)
  A steam dragon (D:7)
  2 black bears
  A sky beast (D:7)
  An orc warrior (D:7)
  3 ice beasts
  An ogre (D:5)
  A kobold brigand (D:6)
  A scorpion (D:5)
  2 bullfrogs (D:7)
  A howler monkey (D:7)
  2 jellies
  2 orc priests
  3 bombardier beetles
  A hound (D:6)
  A sleepcap (D:5)
  4 iguanas (D:6)
  5 adders
  2 shadow imps
  2 white imps
  2 ufetubi (D:6)
  2 ribbon worms
  A dart slug (D:2)
  13 orcs
  3 ball pythons
  5 bats
  8 endoplasms
  3 giant cockroaches
  7 goblins
  2 hobgoblins
  11 jackals (D:1)
  12 kobolds
  6 quokkas
  4 frilled lizards
  2 rats (D:2)
118 creatures vanquished.

Notes
Turn   | Place    | Note
-------+----------+-------------------------------------------
     0 | D:1      | MuppetCentipede the Minotaur Monk began the quest for the
                  | Orb.
     0 | D:1      | Reached XP level 1. HP: 19/19 MP: 0/0
   157 | D:1      | Reached skill level 4 in Axes
   158 | D:1      | Reached XP level 2. HP: 19/27 MP: 1/1
   597 | D:1      | Reached XP level 3. HP: 33/33 MP: 2/2
  1015 | D:2      | Found a faded altar of an unknown god.
  1271 | D:2      | Reached XP level 4. HP: 37/40 MP: 3/3
  1330 | D:2      | Reached skill level 5 in Axes
  1435 | D:2      | You fall into a shaft and drop 1 floor!
  2104 | D:3      | Identified the +6 spear of Locsabust {drain, *Noise Fly
                  | Dex+4}
  2216 | D:3      | Found Tuda's Magic Scroll Boutique.
  2441 | D:4      | Found a white marble altar of Elyvilon.
  2472 | D:4      | Found a bloodstained altar of Trog.
  2765 | D:4      | Reached XP level 5. HP: 47/47 MP: 4/4
  2826 | D:4      | Reached skill level 6 in Axes
  3078 | D:4      | Found Xuehynie's Neck Hole.
  3500 | D:5      | Entered Level 5 of the Dungeon
  3500 | D:5      | Noticed an ice beast
  3508 | D:5      | Killed an ice beast
  3509 | D:5      | Reached skill level 5 in Fighting
  3509 | D:5      | Reached XP level 6. HP: 56/56 MP: 5/5
  3518 | D:5      | Noticed an ice beast
  3527 | D:5      | Killed an ice beast
  3529 | D:5      | Reached skill level 7 in Axes
  3529 | D:5      | Reached skill level 5 in Dodging
  3580 | D:5      | Reached XP level 7. HP: 59/62 MP: 6/6
  3739 | D:5      | Found an ancient bone altar of Kikubaaqudgha.
  3745 | D:5      | Reached skill level 8 in Axes
  3991 | D:6      | Reached XP level 8. HP: 67/71 MP: 7/7
  4159 | D:6      | Found a stormy altar of Qazlal.
  4222 | D:6      | Reached skill level 9 in Axes
  4365 | D:6      | Gained mutation: Your mind is acute. (Int +4, Str/Dex -1)
                  | [potion of mutation]
  4365 | D:6      | Gained mutation: Your skin changes colour to match your
                  | surroundings (Stealth+). [potion of mutation]
  4365 | D:6      | Gained mutation: You are frail. (-10% HP) [potion of
                  | mutation]
  4365 | D:6      | Gained mutation: Your flesh is cold resistant. (rC+)
                  | [potion of mutation]
  4396 | D:7      | Found a staircase to the Ecumenical Temple.
  4445 | D:7      | Reached skill level 10 in Axes
  4445 | D:7      | Noticed Joseph
  4464 | D:7      | Killed Joseph
  4465 | D:7      | Reached XP level 9. HP: 9/72 MP: 8/8
  4476 | D:7      | Paralysed by a hornet for 2 turns
  4476 | D:7      | HP: 3/72 [hornet (4)]
  4477 | D:7      | Succumbed to a hornet's poison

Illustrated notes

Levels and vault maps discovered:
D:1:      matt_arrival_grand_opening, layout_basic
D:2:      layout_rooms, shapermc_ecumenical_altar_mp_ritualfount
D:3:      layout_basic, serial_shops, nicolae_shop_peninsula, chequers_avenue,
          minmay_starry_boxes
D:4:      layout_gridville, nicolae_overflow_crystal_walls,
          nicolae_elyvilon_temple_path, nicolae_shop_sticking_my_neck_out
D:5:      layout_rooms, mainiacjoe_overflow_cross_hatched,
          amcnicky_mini_pool_small
D:6:      nicolae_cairo_tiling_large_dashed, layout_rooms, amcnicky_altar_gilded
D:7:      nzn_winding_woodlands_medium [nzn_winding_woodlands_5x5_checkerboard,
          nzn_winding_woodlands_5x15_sidewinder,
          nzn_winding_woodlands_5x5_perimeter, nzn_winding_woodlands_5x5_cross,
          nzn_winding_woodlands_center_lodge,
          nzn_winding_woodlands_5x5_closed_star,
          nzn_winding_woodlands_5x5_default, nzn_winding_woodlands_5x15_twine,
          nzn_winding_woodlands_5x5_three], layout_cave_pods,
          ashenzari_conservatory_becter, temple_fountains, serial_column_ruins,
          column_ruins_hut, column_ruins_grid_1, column_ruins_columns_straight,
          column_ruins_corridor_dead_end, column_ruins_grid_2,
          column_ruins_grid_1, chequers_arboretum, minmay_nine_imps, uniq_joseph

Skill      XL: |  1  2  3  4  5  6  7  8 |
---------------+-------------------------+-----
Axes           | 4 5 6 7 8 10 | 10.7
Fighting       | 4 5 6 8 |  8.0
Dodging        | 4 5 6 7 |  7.2

Action                     |  1- 3 |  4- 6 |  7- 9 || total
---------------------------+-------+-------+-------++-------
  Melee: Hand axe          |    67 |    33 |       ||   100
         Headbutt          |    14 |    12 |    25 ||    51
         Spear             |       |    49 |   102 ||   151
  Throw: Dart              |       |       |     1 ||     1
    Use: Scroll            |       |     9 |     5 ||    14
         Potion            |       |       |     2 ||     2
   Stab: Sleeping          |       |       |     1 ||     1
 Armour: Robe              |    37 |    20 |    46 ||   103
  Dodge: Dodged            |    46 |    35 |    49 ||   130
